Map: Orbital Shipyard

Players

Ailee (Azure) - Winner!

  • Race: Terran Terran
  • League: Master

JazBas

  • Race: Protoss Protoss
  • League: Master

VOD

Have the link to the VOD?

Description

Time

  • Played on: Nov. 15, 2015, 4:22 a.m.
  • Length: 10:10
Show
View Real Time Build Order
Export as new Build Order

Ailee Terran - Winner!

Build Orders: MMM Bio 

Get SALT Encoding   

  12  0:00  SCV  
  13  0:13  SCV  
  14  0:17  Supply Depot  
  14  0:25  SCV  
  15  0:39  SCV  
  15  0:41  Barracks  
  16  0:47  Refinery  
  16  0:51  SCV  
  17  1:03  SCV  
  18  1:15  SCV  
  19  1:28  Marine, Orbital Command  
  20  1:40  Command Center  
  20  1:46  Marine  
  21  1:53  Factory  
  21  1:58  SCV  
  22  2:07  Supply Depot  
  22  2:13  SCV  
  23  2:28  Marine  
  24  2:35  Command Center  
  24  2:37  Factory Tech Lab  
  24  2:40  SCV  
  25  2:46  Marine  
  26  2:52  Orbital Command  
  26  2:54  SCV  
  27  3:01  Cyclone  
  27  3:04  Marine  
  31  3:07  SCV  
  31  3:12  Supply Depot  
  32  3:19  SCV  
  33  3:20  SCV  
  33  3:22  Marine  
  35  3:31  SCV  
  35  3:34  Barracks  
  36  3:42  Barracks  
  36  3:43  Refinery  
  36  3:45  SCV  
  36  3:47  Barracks Reactor  
  37  3:48  Factory Tech Lab  
  37  3:55  Orbital Command  
  37  3:58  SCV  
  37  3:59  SCV  
  39  4:04  Supply Depot  
  39  4:11  SCV x2  
  41  4:21  Refinery  
  41  4:23  SCV x3, Engineering Bay  
  44  4:26  Marine x2  
  44  4:31  Stimpack  
  46  4:36  Starport  
  46  4:37  Factory Reactor  
  46  4:39  SCV  
  46  4:40  SCV  
  46  4:42  SCV  
  49  4:47  Supply Depot, Orbital Command  
  49  4:51  SCV  
  49  4:52  SCV, Marine x2  
  51  4:55  Marauder  
  51  4:56  Marauder  
  57  5:03  SCV  
  57  5:04  SCV  
  57  5:05  Terran Infantry Weapons Level 1  
  59  5:13  SCV  
  60  5:15  SCV  
  60  5:16  SCV, Marine x2  
  60  5:17  Marauder  
  66  5:25  SCV  
  66  5:26  Barracks x2  
  67  5:29  Medivac x2  
  67  5:30  SCV  
  67  5:31  SCV  
  73  5:37  SCV  
  73  5:38  Supply Depot, Refinery  
  73  5:41  Marine x2  
  76  5:42  SCV  
  76  5:44  Marauder  
  76  5:46  Marauder  
  76  5:48  SCV  
  76  5:49  SCV  
  83  5:53  Supply Depot  
  83  5:54  Combat Shields  
  83  5:55  SCV  
  84  5:57  Factory Tech Lab  
  84  6:00  SCV  
  84  6:01  SCV  
  84  6:02  Marine x2  
  88  6:07  Supply Depot, SCV  
  88  6:09  Supply Depot  
  88  6:11  Marauder  
  91  6:12  Marauder  
  91  6:15  SCV  
  91  6:17  SCV  
  95  6:21  Barracks Tech Lab, Medivac  
  95  6:23  Barracks Reactor  
  95  6:24  SCV  
  98  6:25  Refinery  
  98  6:27  SCV, Refinery  
  98  6:29  Supply Depot, Marine  
  98  6:30  Marine  
  98  6:31  Concussive Shells  
  98  6:32  Marine  
  102  6:33  Marauder  
  102  6:35  Medivac  
  106  6:40  SCV  
  106  6:41  SCV  
  106  6:45  Supply Depot  
  106  6:46  SCV, Marauder  
  111  6:50  Marauder  
  111  6:53  SCV, Barracks  
  114  6:54  Barracks  
  114  6:55  Barracks, Marine x2  
  114  6:58  SCV  
  114  6:59  Marauder, Marine  
  120  7:02  SCV  
  120  7:05  SCV  
  120  7:08  Terran Infantry Armor Level 1  
  122  7:10  SCV, Marauder, Marine  
  122  7:11  Marauder  
  122  7:14  SCV  
  129  7:17  SCV  
  127  7:34  Marine x2  
  127  7:35  Marauder, Marine x2  
  132  7:40  Siege Tank  
  131  7:49  Marauder  
  131  7:50  SCV  
  132  7:51  Barracks Reactor, Barracks Tech Lab x2  
  132  7:56  Command Center  
  132  7:57  Armory  
  132  7:58  Supply Depot x2, Engineering Bay, Marine  
  132  8:00  Supply Depot  
  133  8:17  Supply Depot x2  
  133  8:19  Medivac x2, Marine x5  
  141  8:20  Marauder x3  
  141  8:21  Marauder  
  141  8:22  Supply Depot, SCV  
  141  8:23  Supply Depot  
  150  8:28  Marine  
  150  8:29  Marine  
  152  8:37  Marine x2  
  152  8:38  Marauder, Marine x2  
  163  8:41  Siege Tank, Marauder x2  
  160  8:54  Marine x2  
  160  8:55  Marauder, Marine  
  159  9:00  Marauder, Marine x2  
  163  9:03  Medivac x2  
  163  9:05  SCV  
  168  9:11  Marine  
  168  9:12  Marauder  
  168  9:13  Siege Tank  
  168  9:14  Marauder, Marine  
  170  9:17  Marine x2  
  170  9:18  Marauder  
  170  9:19  Marine  
  176  9:25  Marine  
  176  9:29  Command Center  
  179  9:36  Marauder, Marine x5  
  182  9:43  Marauder  
  182  9:44  Marine  
  185  9:48  Marine  
  185  9:49  Marauder  
  190  9:53  Missile Turret  
Show
View Real Time Build Order
Export as new Build Order

JazBas Protoss 

Build Orders: 1 Gate Expand 

Get SALT Encoding   

  12  0:01  Probe (Chrono Boost)  
  13  0:12  Probe (Chrono Boost)  
  14  0:17  Pylon  
  14  0:22  Probe (Chrono Boost)  
  15  0:35  Probe (Chrono Boost)  
  16  0:38  Gateway  
  16  0:46  Probe (Chrono Boost)  
  17  0:56  Probe (Chrono Boost)  
  18  1:10  Nexus  
  18  1:12  Probe (Chrono Boost)  
  19  1:23  Probe (Chrono Boost)  
  20  1:27  Cybernetics Core  
  20  1:31  Assimilator  
  20  1:35  Assimilator  
  20  1:38  Probe (Chrono Boost)  
  21  1:44  Pylon  
  21  1:49  Probe (Chrono Boost)  
  22  1:59  Probe (Chrono Boost)  
  23  2:08  Warp Gate  
  23  2:10  Probe (Chrono Boost)  
  23  2:18  Stalker  
  23  2:20  Probe (Chrono Boost)  
  26  2:23  Probe (Chrono Boost)  
  27  2:31  Probe (Chrono Boost)  
  27  2:34  Probe (Chrono Boost)  
  29  2:43  Probe (Chrono Boost)  
  30  2:44  Probe (Chrono Boost)  
  30  2:47  Robotics Facility  
  30  2:49  Assimilator  
  31  2:53  Probe (Chrono Boost)  
  32  3:00  Probe (Chrono Boost), Pylon  
  32  3:04  Mothership Core (Chrono Boost)  
  35  3:11  Probe (Chrono Boost)  
  36  3:14  Gateway  
  36  3:19  Gateway  
  36  3:21  Sentry  
  36  3:22  Probe (Chrono Boost)  
  36  3:24  Probe (Chrono Boost)  
  41  3:34  Observer  
  41  3:36  Probe x2 (Chrono Boost)  
  43  3:46  Probe x2 (Chrono Boost)  
  43  3:57  Probe x2 (Chrono Boost), Pylon  
  43  4:02  Pylon  
  45  4:18  Probe (Chrono Boost)  
  45  4:19  Sentry, Probe (Chrono Boost)  
  45  4:20  Sentry, Zealot  
  53  4:25  Immortal  
  53  4:29  Probe x2 (Chrono Boost)  
  59  4:36  Assimilator  
  59  4:37  Robotics Bay  
  59  4:38  Gateway  
  59  4:40  Probe x2 (Chrono Boost), Gateway  
  61  4:50  Probe (Chrono Boost)  
  62  4:59  Nexus  
  62  5:02  Forge  
  62  5:03  Forge  
  62  5:14  Pylon  
  62  5:25  Disruptor (Chrono Boost)  
  62  5:27  Probe  
  66  5:28  Probe  
  66  5:32  Gateway  
  67  5:36  Pylon, Protoss Ground Weapons Level 1 (Chrono Boost), Protoss Ground Armor Level 1 (Chrono Boost)  
  67  5:39  Probe  
  67  5:40  Probe  
  69  5:43  Stalker x2  
  69  5:47  Stalker x2  
  77  5:51  Probe  
  77  5:54  Probe  
  79  5:59  Pylon  
  79  6:01  Pylon  
  79  6:02  Gateway  
  79  6:07  Zealot x3  
  79  6:10  Disruptor  
  88  6:20  Stalker x2  
  92  6:31  Probe, Pylon  
  92  6:32  Probe x2, Pylon  
  94  6:38  Robotics Facility  
  95  6:42  Twilight Council  
  95  6:48  Stalker x2, Robotics Facility  
  99  6:54  Disruptor  
  99  6:56  Probe  
  99  6:58  Probe x2  
  105  7:02  Assimilator  
  105  7:06  Stalker x2, Assimilator  
  109  7:09  Stalker  
  104  7:26  Probe  
  104  7:27  Probe x2  
  103  7:37  Probe  
  95  7:39  Probe  
  95  7:40  Probe  
  92  7:47  Probe  
  93  7:51  Probe  
  93  7:52  Probe  
  93  7:56  Pylon  
  93  7:57  Colossus  
  93  7:58  Probe  
  95  7:59  Templar Archives  
  95  8:01  Gateway  
  95  8:04  Probe  
  103  8:10  Probe  
  103  8:11  Probe  
  110  8:20  Extended Thermal Lance (Chrono Boost)  
  103  8:30  Pylon  
  102  8:34  Probe  
  102  8:35  Probe  
  102  8:40  Probe  
  104  8:47  Probe  
  95  8:51  Probe  
  95  8:52  Probe  
  96  9:02  Probe  
  90  9:03  Probe  
  90  9:04  Probe  
  83  9:14  Probe  
  83  9:15  Probe  
  83  9:16  Probe  
  84  9:22  Pylon  
  84  9:26  Probe  
  84  9:27  Probe  
  84  9:28  Probe  
  99  9:38  Probe  
  100  9:39  Probe  
  100  9:40  Probe  
  102  9:50  Probe  
  102  9:51  Probe  
  102  9:52  Probe  
Tags
 
Composition
MMM Bio
Matchup
PvT
Player
Azure
Replay Pack
ReplayyLmao
Add a new tag
Caveats
  • Supply blocks, unpowered buildings, or Contaminate may cause inaccurate times.
  • Supply counts are checked every 10 seconds.